 Dungeon Crawl Stone Soup version 0.30-a0-223-gcb0039aa0c (webtiles) character file.

Game seed: 7937402952793408257

85 qw the Chopper (level 4, -2/28 HPs)
             Began as a Gargoyle Fighter on Oct 9, 2022.
             Slain by a gnoll
             ... wielding a +0 club
              (3 damage)
             ... on level 2 of the Dungeon.
             The game lasted 00:00:33 (1410 turns).

qw the Chopper (Gargoyle Fighter)                   Turns: 1410, Time: 00:00:33

Health: -2/28      AC: 16    Str: 21    XL:     4   Next: 48%
Magic:  4/4        EV:  5    Int: 12    God:
Gold:   73         SH:  4    Dex:  8    Spells: 3/3 levels left

rFire   . . .      SeeInvis .    Y - +0 war axe
rCold   . . .      Faith    .    c - +0 buckler
rNeg    + . .      Spirit   .    g - +0 plate armour
rPois   inf        Reflect  .    (no helmet)
rElec   +          Harm     .    (no cloak)
rCorr   .          Rampage  .    (no gloves)
Will    +....                    (no boots)
Stlth   ..........               (no amulet)
HPRegen 0.24/turn                (no ring)
MPRegen 0.09/turn                (no ring)

@: about to teleport
A: sickness immunity, AC +3, negative energy resistance 1, electricity
resistance, torment resistance 1, petrification resistance, clever 1,
strong-willed 1, shaggy fur 1
a: no special abilities


You were on level 2 of the Dungeon.
You visited 1 branch of the dungeon, and saw 2 of its levels.

You collected 73 gold pieces.


Innate Abilities, Weirdness & Mutations

You are immune to sickness and miasma.
Your stone body is resilient. (AC +3)
You are immune to poison.
You resist negative energy. (rN+)
You are resistant to electric shocks. (rElec)
You are resistant to unholy torment.
You are immune to petrification.
Your mind is acute. (Int +4, Str/Dex -1)
You are strong-willed. (Will+)
You are covered in fur. (AC +1)


   Skills:
 - Level 3.2 Fighting
 + Level 4.1 Axes
 - Level 3.2 Armour
 - Level 3.2 Shields


You had 3 spell levels left.
You didn't know any spells.
Your spell library was empty.

Inventory:

Hand Weapons
 o - a +0 flail
 Y - a +0 war axe (weapon)
Missiles
 i - 3 boomerangs (quivered)
Armour
 c - a +0 buckler (worn)
 e - a +0 pair of boots
 g - a +0 plate armour (worn)
 n - a +0 pair of gloves
Jewellery
 f - a +6 ring of dexterity
Scrolls
 a - a scroll of teleportation
 j - 2 scrolls of identify {unknown}
 k - a scroll of enchant weapon {unknown}
Potions
 d - a potion of might
 h - a potion of mutation
 l - a potion of curing {unknown}
 m - a potion of ambrosia {unknown}

Dungeon Overview and Level Annotations

Branches:
Dungeon (2/15)

Altars:
Yredelemnul

Shops:
D:1 (   D:2 [


Message History

The jackal bites you but does no damage.
The gnoll hits you but does no damage.
You barely miss the jackal.
The jackal bites you but does no damage.
The gnoll barely misses you.
The jackal bites you but does no damage.
You barely miss the jackal.
The jackal bites you but does no damage.
You block the gnoll's attack. The jackal barely misses you.
You hit the jackal but do no damage.
The jackal bites you but does no damage.
The gnoll hits you but does no damage.
The gnoll hits you from afar with a +0 halberd.
The jackal bites you but does no damage.
You slash the jackal!
You kill the jackal!
The gnoll hits you but does no damage.
You closely miss the gnoll. The gnoll barely misses you.
The gnoll hits you from afar with a +0 halberd!
You hit the gnoll.
The gnoll is moderately wounded.
The gnoll hits you but does no damage. The gnoll barely misses you.
The gnoll hits you but does no damage. The gnoll barely misses you.
You hit the gnoll.
The gnoll is heavily wounded.
The gnoll hits you but does no damage. x2
You barely miss the gnoll.
The gnoll is heavily wounded.
The gnoll barely misses you.
The gnoll hits you from afar with a +0 halberd!
1409 ||| READING 2 scrolls of teleportation.
As you read the scroll of teleportation, it crumbles to dust.
You feel strangely unstable. The gnoll hits you but does no damage.
The gnoll hits you from afar with a +0 halberd.
You closely miss the gnoll.
The gnoll is heavily wounded.
The gnoll hits you with a +0 club.
You die...

####.# #...# ...#.#
######...###### ##.#.#
#....'........# ##.#.#
#.####...##...# ##.#.#### #.#
##...##...####
#7......########.###<....#.......
.~~..............)............>..
#~.%....########)#######.#.#.#..#
~.7.....# #@# #.#.#.#..#
...#.#### #g# #.#.#.#..# ~....#
..g #.#...#..# ~7~..# #....
#.#...#... 7~.#.# #.....
#.#...#... .~~#.# #......
#.#...#.._ ~..#.# #.......
#.#.#.#... ##.#.#
#.......##.#.#.#... .#.#.#
##.#.#.#...


You could see 2 gnolls.

Vanquished Creatures
  3 gnolls
  An adder (D:2)
  A worm (D:2)
  2 dart slugs (D:1)
  5 ball pythons (D:1)
  3 bats
  2 endoplasms (D:1)
  5 goblins
  2 hobgoblins (D:2)
  6 jackals (D:2)
  3 quokkas (D:1)
  A frilled lizard (D:1)
  A kobold (D:2)
  2 rats
37 creatures vanquished.

Notes
Turn   | Place    | Note
-------+----------+-------------------------------------------
     0 | D:1      | qw the Gargoyle Fighter began the quest for the Orb.
     0 | D:1      | Reached XP level 1. HP: 14/14 MP: 1/1
     0 | D:1      | 0 ||| qw: Version: 0.2-a-17-g06abaee
     0 | D:1      | 0 ||| qw: Game counter: 2231
     0 | D:1      | 0 ||| qw: Always use a shield: true
     0 | D:1      | 0 ||| qw: God list: Okawaru
     0 | D:1      | 0 ||| qw: Allow faded altars: false
     0 | D:1      | 0 ||| qw: Do Orc after D:15 true
     0 | D:1      | 0 ||| qw: Do second Lair branch before Depths: true
     0 | D:1      | 0 ||| qw: Lair rune preference: random
     0 | D:1      | 0 ||| qw: Plans: Normal, Zot:1-4, God:TSO, Crypt, Tomb,
                  | Pan, Slime:5, Hells, Abyss, Orb
     0 | D:1      | 0 ||| PLANNING D:1-11
    47 | D:1      | 47 ||| Stepping ~*~*~tactically~*~*~ (stealth).
    49 | D:1      | 49 ||| Stepping ~*~*~tactically~*~*~ (stealth).
    55 | D:1      | Reached skill level 2 in Axes
    63 | D:1      | Found Pigaxt's Antique Weapon Emporium.
    76 | D:1      | 76 ||| SHOPLISTING mace (84 gold, have 0).
   141 | D:1      | Reached XP level 2. HP: 18/19 MP: 2/2
   194 | D:1      | Reached skill level 3 in Axes
   194 | D:1      | Reached XP level 3. HP: 9/23 MP: 3/3
   382 | D:1      | 382 ||| Stepping ~*~*~tactically~*~*~ (hiding).
   384 | D:1      | 384 ||| Stepping ~*~*~tactically~*~*~ (hiding).
   780 | D:1      | 780 ||| UPGRADING to +0 plate armour.
   790 | D:1      | 790 ||| DROPPING +0 scale mail.
   791 | D:1      | 791 ||| READING 3 scrolls labelled YGGEAX TEFYHEV.
   796 | D:1      | 796 ||| DRINKING 2 fizzy golden potions.
   796 | D:1      | Gained mutation: You are covered in fur. (AC +1) [potion of
                  | mutation]
   796 | D:1      | Gained mutation: Your mind is acute. (Int +4, Str/Dex -1)
                  | [potion of mutation]
   796 | D:1      | Gained mutation: You are strong-willed. (Will+) [potion of
                  | mutation]
   818 | D:2      | Found a basalt altar of Yredelemnul.
   845 | D:2      | 845 ||| DROPPING +0 club.
   891 | D:2      | Found Wesuekou's Armour Shoppe.
   898 | D:2      | 898 ||| SHOPLISTING +0 leather armour of the Elven Halls
                  | {rC+ Will+ rCorr} (299 gold, have 61).
  1177 | D:2      | Reached XP level 4. HP: 27/28 MP: 4/4
  1366 | D:2      | 1366 ||| Stepping ~*~*~tactically~*~*~ (stealth).
  1367 | D:2      | 1367 ||| Stepping ~*~*~tactically~*~*~ (hiding).
  1372 | D:2      | Reached skill level 4 in Axes
  1378 | D:2      | 1378 ||| Stepping ~*~*~tactically~*~*~ (stealth).
  1380 | D:2      | 1380 ||| Stepping ~*~*~tactically~*~*~ (stealth).
  1387 | D:2      | 1387 ||| DROPPING +0 whip.
  1389 | D:2      | 1389 ||| Stepping ~*~*~tactically~*~*~ (stealth).
  1408 | D:2      | HP: 3/28 [gnoll/+0 halberd (9)]
  1409 | D:2      | 1409 ||| READING 2 scrolls of teleportation.
  1409 | D:2      | HP: 1/28 [gnoll/+0 halberd (2)]
  1410 | D:2      | Slain by a gnoll

Levels and vault maps discovered:
D:1:      dpeg_arrival_oval, layout_basic, serial_shops, nicolae_shop_trees
D:2:      layout_basic, basic_altar, serial_shops, nicolae_shop_crystal,
          chequers_serial_rivers_marsh, minmay_domino_2

Skill      XL: |  1  2  3  4 |
---------------+-------------+-----
Axes           | 2 3 4 |  4.1
Fighting       | |  3.2
Armour         | |  3.2
Shields        | |  3.2

Action                   |  1- 3 |  4- 6 || total
-------------------------+-------+-------++-------
Melee: War axe           |    81 |    24 ||   105
Throw: Boomerang         |    16 |     2 ||    18
  Use: Scroll            |     1 |     1 ||     2
       Potion            |     1 |       ||     1
Armor: Scale mail        |    24 |       ||    24
       Plate armour      |    14 |    31 ||    45
Dodge: Dodged            |    25 |    13 ||    38
Block: Buckler           |    17 |     1 ||    18

Table legend:
 A = Non-vault XP
 B = Vault XP
 C = Vault XP percentage of total XP
 D = Non-vault monster count
 E = Vault monster count
 F = Vault count percentage of total count
                 A         B        C        D         E       F
            +---------+---------+-------+---------+---------+-------
      Total |     122 |       0 |   0.0 |      37 |       0 |   0.0
            +---------+---------+-------+---------+---------+-------
        D:1 |      55 |       0 |   0.0 |      21 |       0 |   0.0
        D:2 |      67 |       0 |   0.0 |      16 |       0 |   0.0
            +---------+---------+-------+---------+---------+-------
